 Dungeon Crawl Stone Soup version 0.30-a0-222-ge547ba4400 (webtiles) character file.

Game seed: 3894632093089124450

653 tbh1313 the Cudgeller (level 7, -1/66 HPs)
             Began as a Troll Berserker on Oct 9, 2022.
             Was a Priest of Trog.
             Splashed by a jelly's acid (8 damage)
             ... on level 6 of the Dungeon.
             The game lasted 00:06:51 (4349 turns).

tbh1313 the Cudgeller (Troll Berserker)             Turns: 4349, Time: 00:06:52

Health: -1/66      AC: -12   Str: 26    XL:     7   Next: 28%
Magic:  6/6        EV: 10    Int:  5    God:    Trog [***...]
Gold:   370        SH:  5    Dex:  9    Spells: 6/6 levels left

rFire   . . .      SeeInvis +    a - +0 mace
rCold   . . .      Faith    .    (no shield)
rNeg    + . .      Spirit   .    j - +0 robe of Isi Ugoo {rN+}
rPois   .          Reflect  +    (helmet restricted)
rElec   .          Harm     .    (no cloak)
rCorr   .          Rampage  .    (gloves unavailable)
Will    .....                    (boots unavailable)
Stlth   +.........               x - amulet of reflection
HPRegen 1.11/turn                n - ring of see invisible
MPRegen 0.10/turn                (no ring)

@: corroded
A: large, unfitting armour, claws 3, regeneration 1, shaggy fur 1, tough skin 1
a: Renounce Religion, Berserk, Trog's Hand


You were on level 6 of the Dungeon.
You worshipped Trog.
Trog was most pleased with you.
You visited 1 branch of the dungeon, and saw 6 of its levels.

You collected 370 gold pieces.

Inventory:

Hand Weapons
 a - a +0 mace (weapon)
Armour
 j - the +0 robe of Isi Ugoo (worn) {rN+}
   (You found it on level 2 of the Dungeon)

   rN:        It protects you from negative energy.
Jewellery
 g - a ring of ice
 n - a ring of see invisible (left claw)
 x - an amulet of reflection (around neck)
Wands
 r - a wand of mindburst (4)
Scrolls
 e - 4 scrolls of teleportation
 f - a scroll of blinking
 i - 2 scrolls of immolation {unknown}
 m - a scroll of amnesia
 p - 2 scrolls of noise
 s - a scroll of poison {unknown}
 t - a scroll of magic mapping {unknown}
 u - a scroll of butterflies {unknown}
 y - a scroll of brand weapon {unknown}
 z - a scroll of torment {unknown}
Potions
 b - 2 potions of magic {unknown}
 c - a potion of heal wounds {unknown}
 d - 2 potions of mutation {unknown}
 h - 3 potions of ambrosia
 k - a potion of haste {unknown}
 l - 4 potions of curing
 o - a potion of invisibility {unknown}
 q - 3 potions of berserk rage
 v - 2 potions of attraction
 w - a potion of brilliance {unknown}


   Skills:
 - Level 2.4 Fighting
 + Level 7.8 Maces & Flails
 - Level 2.4 Dodging


You had 6 spell levels left.
You didn't know any spells.
Your spell library was empty.

Dungeon Overview and Level Annotations

Branches:
Dungeon (6/15)
 Temple: D:4-7

Altars:
Dithmenos
Qazlal
The Shining One


Innate Abilities, Weirdness & Mutations

You are too large for most types of armour.
You have claws for hands.
Your natural rate of healing is unusually fast.
You are covered in fur. (AC +1)
You have tough skin. (AC +1)


Message History

You are too injured to fight recklessly!
You are too injured to fight recklessly!
You are too injured to fight recklessly!
You are too injured to fight recklessly!
You are too injured to fight recklessly!
You are too injured to fight recklessly!
You are too injured to fight recklessly!
You are too injured to fight recklessly!
You are too injured to fight recklessly!
You are too injured to fight recklessly!
You are too injured to fight recklessly!
You are too injured to fight recklessly!
You are too injured to fight recklessly!
You are too injured to fight recklessly!
You are too injured to fight recklessly!
You are too injured to fight recklessly!
You are too injured to fight recklessly!
You are too injured to fight recklessly!
You hit the jelly but do no damage. The acid corrodes you!
Your claws burn!
The jelly is severely wounded.
A hound comes into view.
You block the jelly's attack.
You hit the jelly but do no damage.
Your claws burn!
The jelly is severely wounded.
The jelly closely misses you.
You hit the jelly but do no damage.
Your claws burn!
The jelly is severely wounded.
The jelly closely misses you.
You hit the jelly.
Your claws burn!
The jelly is severely wounded.
The jelly hits you. The acid corrodes you!
You are splashed with acid.
You hit the jelly. The acid corrodes you!
Your claws burn!
* * * LOW HITPOINT WARNING * * *
The jelly is severely wounded.
The bullfrog hits you!
* * * LOW HITPOINT WARNING * * *
The jelly hits you.
* * * LOW HITPOINT WARNING * * *
You are splashed with acid!
You die...

#................#
#.................
#................##
#......<...........
#................
#................
##..........#.#.###
##.....##..Fh.....
#########@#.#...
#.J...... #........
#........ #........
#........ #........
#........


You could see a bullfrog, a hound and a jelly.

Levels and vault maps discovered:
D:1:      spicycebolla_arrival_clurvy, layout_loops_corners,
          dilly_ecumenical_altar_fadedgnrine, kennysheep_nondescript
D:2:      layout_basic
D:3:      corexii_shack_village, layout_basic
D:4:      cheibrodos_thug_alley, layout_basic, serial_demonic, serial_demonic_d,
          serial_demonic_g, serial_demonic_b, serial_demonic_c
D:5:      layout_loops_corners, gammafunk_temple_overflow_wave
D:6:      layout_rooms, lemuel_crystal_altar, minmay_temple_entry_arrows

Notes
Turn   | Place    | Note
-------+----------+-------------------------------------------
     0 | D:1      | tbh1313 the Troll Berserker began the quest for the Orb.
     0 | D:1      | Reached XP level 1. HP: 22/22 MP: 0/0
    99 | D:1      | Reached skill level 3 in Maces & Flails
   244 | D:1      | Reached XP level 2. HP: 24/29 MP: 1/1
   834 | D:1      | Found a faded altar of an unknown god.
   938 | D:2      | Identified the +0 robe of Isi Ugoo {rN+}
   954 | D:2      | Reached XP level 3. HP: 32/36 MP: 2/2
   997 | D:2      | Reached ** piety under Trog
  1061 | D:2      | Reached skill level 4 in Maces & Flails
  1299 | D:2      | Reached XP level 4. HP: 40/44 MP: 3/3
  2013 | D:3      | Reached skill level 5 in Maces & Flails
  2078 | D:4      | Reached XP level 5. HP: 45/50 MP: 4/4
  2389 | D:4      | Reached skill level 6 in Maces & Flails
  2502 | D:4      | Reached *** piety under Trog
  2503 | D:4      | Reached XP level 6. HP: 29/59 MP: 5/5
  3222 | D:5      | Entered Level 5 of the Dungeon
  3375 | D:5      | Reached skill level 7 in Maces & Flails
  3648 | D:5      | Reached XP level 7. HP: 51/66 MP: 6/6
  4002 | D:5      | Found a stormy altar of Qazlal.
  4002 | D:5      | Found a shadowy altar of Dithmenos.
  4036 | D:5      | Identified the +2 leather armour of Vidagh {+Blink Will+
                  | Str-2 Dex+4}
  4325 | D:6      | Found a glowing golden altar of the Shining One.
  4349 | D:6      | Splashed by a jelly's acid

Table legend: (Time is in decaauts)
 A = Elapsed time spent in this place.
 B = Non-inter-level travel time spent in this place.
 C = Inter-level travel time spent in this place.
 D = Time resting spent in this place.
 E = Time spent auto-exploring this place.
 F = Levels seen in this place.
 G = Mean time per level.
                   A        B        C        D        E       F      G
               +--------+--------+--------+--------+--------+-----+--------+
         Total |   4461 |   4330 |    131 |    298 |   3169 |   6 |  743.5 |
       Dungeon |   4461 |   4330 |    131 |    298 |   3169 |   6 |  743.5 |
               +--------+--------+--------+--------+--------+-----+--------+

Top non-repeatable levels by time:
     D:4: 1213 daAuts
     D:5: 1119 daAuts
     D:1: 910 daAuts
     D:2: 607 daAuts
     D:3: 586 daAuts
     D:6: 23 daAuts

Table legend:
 A = Kills in this place as a percentage of kills in entire the game.
 B = Kills by you in this place as a percentage of kills by you in the entire game.
 C = Kills by friends in this place as a percentage of kills by friends in the entire game.
 D = Other kills in this place as a percentage of other kills in the entire game.
 E = Experience gained in this place as a percentage of experience gained in the entire game.
 F = Experience gained in this place divided by the number of levels of this place that you have seen.
                   A       B       C       D       E      F
               +-------+-------+-------+-------+-------+----------------------
         Total | 100.0 | 100.0 |   N/A |   N/A | 100.0 | 155.5
       Dungeon | 100.0 | 100.0 |   N/A |   N/A | 100.0 | 155.5
               +-------+-------+-------+-------+-------+----------------------

Action                   |  1- 3 |  4- 6 |  7- 9 || total
-------------------------+-------+-------+-------++-------
Melee: Mace              |   142 |   262 |    39 ||   443
       Punch             |       |     5 |     1 ||     6
Invok: Trog's Hand       |     1 |     2 |     1 ||     4
       Berserk           |     1 |     3 |     1 ||     5
  Use: Scroll            |       |     6 |     2 ||     8
 Stab: Sleeping          |       |     1 |       ||     1
Armor: Animal skin       |    26 |       |       ||    26
       Robe              |    39 |   109 |     8 ||   156
Dodge: Dodged            |   101 |   214 |    11 ||   326
Block: Other             |       |       |     7 ||     7

Vanquished Creatures
  A kobold brigand (D:4)
  2 scorpions (D:5)
  An orc priest (D:4)
  A jelly (D:5)
  2 iguanas
  3 orc wizards
  7 gnolls
  7 adders
  2 shadow imps (D:4)
  2 ufetubi (D:4)
  A dart slug (D:1)
  14 orcs
  7 ball pythons
  5 endoplasms
  3 giant cockroaches
  10 goblins
  10 hobgoblins
  8 jackals
  6 quokkas
  2 bats
  3 frilled lizards (D:2)
  16 kobolds
  7 rats
120 creatures vanquished.

Vanquished Creatures (others)
  3 demonic plants (D:4)
3 creatures vanquished.

Grand Total: 123 creatures vanquished
